cohdb
Replays
Latest Replays
All Replays
Popular Replays
Top Player Replays
Match Explorer
How It Works
Community
CoH3 Stats
Reddit
Sign in to upload your games and track your stats! →
Sign in with Steam
Match 47278129
Unlisted
Match 47278129
Overview
Messages
Build Orders
End
Engineer Squad
Construct Barracks
Selects Armored Battlegroup
Selects Assault Engineers
Riflemen Squad
Riflemen Squad
Construct Medical Station
Riflemen Squad
Infantry Support Center
.30 cal Machine Gun
Grenade Package
Selects Fast Deploy
Munitions Surplus
Assault Engineer Squad
M1918 Browning Automatic Rifles
Construct Motor Pool
M8 Greyhound Armored Car
Advanced Logistics
Riflemen Squad
Selects Seek and Destroy
Selects UNKNOWN (2160077)
Selects Field Repairs
Selects War Machine
Construct Tank Depot
Riflemen Squad
Riflemen Squad
M4A3E8 Sherman Easy Eight
Assault Engineer Squad
Riflemen Squad
M4A3E8 Sherman Easy Eight
Seek and Destroy
M18 Hellcat Tank Destroyer
M18 Hellcat Tank Destroyer
Field Repairs
anioki
Unready
0
0
Comments
sign in to comment!
No comments posted yet!